Map: Thunderbird LE

Players

TIME (Oliveira)

  • Race: Terran Terran
  • Spawn Location: 11:00

ShoWTimE - Winner!

  • Race: Protoss Protoss
  • Spawn Location: 5:00

Event: 2019 WCS Summer

VOD

Have the link to the VOD?

Description

Time

  • Played on: July 14, 2019, 10:20 a.m.
  • Length: 19:49

All games in this series

Show
View Real Time Build Order
Export as new Build Order

TIME Terran 

Build Orders: Reaper Expand, Mech 

Get SALT Encoding   

  12  0:01  SCV  
  13  0:13  SCV  
  14  0:18  Supply Depot  
  14  0:25  SCV  
  15  0:40  SCV  
  15  0:41  Barracks  
  16  0:44  Refinery  
  16  0:52  SCV  
  17  1:04  SCV  
  18  1:16  SCV  
  19  1:29  Orbital Command, Reaper  
  20  1:39  Command Center  
  20  1:48  Supply Depot  
  20  1:55  SCV  
  20  2:01  Marine  
  22  2:07  SCV  
  23  2:10  Factory  
  23  2:14  Refinery  
  23  2:19  SCV  
  24  2:23  Barracks Reactor  
  24  2:31  SCV  
  25  2:43  SCV  
  26  2:51  Orbital Command  
  26  2:54  Starport  
  26  2:55  SCV  
  27  3:02  Widow Mine x2  
  31  3:07  Barracks Tech Lab, SCV  
  32  3:13  Supply Depot  
  32  3:17  SCV  
  34  3:20  SCV  
  34  3:24  Widow Mine x2  
  38  3:30  SCV  
  38  3:32  SCV, Medivac  
  42  3:42  SCV  
  42  3:44  SCV  
  42  3:47  Command Center  
  44  3:50  Marine  
  44  3:51  Marine  
  44  3:54  Siege Tank, SCV  
  50  3:57  SCV  
  50  4:00  Supply Depot  
  51  4:05  Liberator  
  51  4:07  SCV  
  51  4:09  SCV  
  53  4:11  Marine  
  53  4:16  Supply Depot  
  54  4:21  Marine  
  54  4:23  SCV x2  
  54  4:24  Supply Depot  
  60  4:30  Barracks  
  60  4:34  Marine  
  60  4:40  SCV  
  60  4:45  Siege Tank  
  64  4:52  SCV  
  63  4:53  Marine x2  
  63  4:54  SCV  
  62  5:00  Barracks, Engineering Bay  
  62  5:01  Refinery, Engineering Bay  
  62  5:02  Refinery, SCV  
  62  5:03  Supply Depot  
  62  5:06  SCV  
  62  5:11  Marine x2, SCV  
  65  5:14  Orbital Command  
  65  5:18  Barracks Tech Lab  
  65  5:20  Siege Tank, SCV  
  69  5:23  SCV  
  70  5:29  Marine  
  70  5:32  SCV  
  70  5:34  Marine  
  72  5:35  Supply Depot  
  72  5:37  Stimpack, Marine  
  72  5:40  SCV x2  
  72  5:42  Terran Infantry Weapons Level 1  
  75  5:44  SCV  
  76  5:50  Barracks Tech Lab, Starport Reactor  
  76  5:52  SCV  
  76  5:57  Marine, Terran Infantry Armor Level 1  
  77  5:59  Barracks, SCV  
  77  6:00  Barracks, SCV  
  77  6:01  Marine  
  77  6:04  Marine  
  81  6:06  SCV  
  81  6:08  Siege Tank  
  81  6:11  SCV  
  87  6:12  Supply Depot  
  87  6:13  Marauder  
  87  6:15  SCV  
  87  6:16  Marine  
  87  6:18  SCV  
  92  6:19  Combat Shield  
  92  6:21  Marine  
  92  6:22  Refinery  
  92  6:23  Refinery, SCV  
  94  6:27  Supply Depot  
  94  6:28  Marauder  
  94  6:29  SCV  
  94  6:30  SCV  
  98  6:35  SCV, Missile Turret  
  98  6:38  Marine  
  98  6:39  Marauder  
  102  6:41  SCV  
  102  6:42  SCV  
  102  6:45  Supply Depot  
  102  6:46  Marine  
  105  6:47  SCV  
  105  6:49  Barracks Tech Lab, Barracks Reactor  
  105  6:52  Marauder  
  105  6:53  Siege Tank, SCV  
  112  6:54  SCV  
  112  6:57  Supply Depot  
  112  6:59  SCV  
  112  7:00  Marauder, Marine  
  117  7:04  Medivac x2  
  117  7:05  SCV  
  117  7:08  Marine  
  119  7:09  Marauder, SCV  
  119  7:11  Armory  
  123  7:19  Marauder, Marine, Supply Depot  
  123  7:21  Supply Depot  
  126  7:25  Marine x2  
  126  7:27  Siege Tank  
  126  7:28  Sensor Tower  
  126  7:29  SCV x2  
  133  7:30  SCV  
  134  7:41  Medivac  
  134  7:42  Command Center  
  134  7:43  Supply Depot, Medivac  
  138  7:50  Factory  
  138  7:51  Factory  
  138  7:57  Missile Turret  
  138  7:59  Missile Turret  
  138  8:01  Missile Turret x3  
  138  8:02  Terran Infantry Weapons Level 2  
  138  8:09  Terran Infantry Armor Level 2  
  138  8:10  Marine x3  
  138  8:12  Marine x2  
  142  8:13  Marauder  
  142  8:16  Marine  
  142  8:19  Supply Depot  
  146  8:22  Siege Tank  
  146  8:25  Terran Vehicle Weapons Level 1  
  149  8:27  Marine x2  
  149  8:28  Marine, Supply Depot  
  152  8:35  Factory Tech Lab  
  152  8:36  Factory Tech Lab  
  152  8:37  Marauder, Marine x2  
  152  8:38  Marauder  
  158  8:45  Marine x2  
  158  8:48  Marine  
  158  8:54  Siege Tank  
  158  8:55  Siege Tank, Marauder  
  167  8:57  Siege Tank  
  167  8:59  Marauder  
  167  9:00  Marauder, Marine  
  167  9:01  SCV  
  176  9:03  Marine  
  176  9:09  Medivac  
  177  9:10  Marine x2  
  177  9:16  Marauder  
  181  9:17  Marine  
  181  9:20  Marauder, SCV  
  181  9:21  Marine, SCV  
  181  9:32  Refinery  
  181  9:34  Siege Tank x2  
  181  9:37  Siege Tank  
  184  9:39  Planetary Fortress  
  184  9:41  Marauder, Marine x3  
  184  9:42  Marine, Refinery  
  184  9:43  SCV x2  
  184  9:44  SCV  
  193  9:52  Marine  
  196  9:53  Marauder  
  196  9:55  Sensor Tower  
  196  9:58  Concussive Shells  
  196  10:03  Ghost Academy  
  196  10:05  Barracks  
  196  10:07  Barracks x2  
  196  10:19  Marine x2  
  196  10:20  SCV  
  184  10:23  Marauder, Marine x2  
  184  10:25  Marine  
  184  10:26  Siege Tank, Marauder  
  152  10:30  Siege Tank  
  144  10:37  Siege Tank, Marine x2  
  144  10:40  Marine  
  144  10:41  Marine  
  151  10:43  Terran Infantry Weapons Level 3, Marauder  
  151  10:45  Terran Infantry Armor Level 3  
  153  10:52  Terran Vehicle Weapons Level 2  
  153  10:53  Marine  
  153  10:56  Barracks Reactor  
  154  11:03  Barracks Tech Lab  
  154  11:04  Marine x2, Command Center  
  154  11:05  Marauder  
  154  11:09  Siege Tank, Barracks Tech Lab  
  161  11:12  Siege Tank  
  161  11:15  Siege Tank  
  161  11:16  SCV x2  
  169  11:21  Marauder, Marine  
  169  11:23  Missile Turret  
  167  11:27  Marauder, Marine  
  167  11:31  Marine x2  
  172  11:41  Siege Tank  
  172  11:46  Missile Turret  
  175  11:50  Marine  
  175  11:51  Marauder, Siege Tank, Marine  
  175  11:52  Siege Tank  
  185  11:57  Missile Turret  
  185  11:59  Ghost x3  
  190  12:13  Siege Tank  
  189  12:27  Siege Tank  
  159  12:38  Liberator x2  
  159  12:39  Siege Tank  
  159  12:41  Marine  
  159  12:42  Marauder  
  124  12:44  Marine  
  124  12:45  Marauder, Siege Tank, Marine x3  
  124  12:46  Marauder x3, Marine  
  146  12:59  Siege Tank, Marine  
  146  13:02  Marine x2  
  146  13:03  Marauder, Marine x2  
  156  13:07  Marauder x2  
  156  13:08  Command Center  
  156  13:09  Marine, Command Center  
  156  13:11  Missile Turret  
  156  13:12  Marine  
  161  13:14  Siege Tank  
  151  13:30  Siege Tank, Marine  
  151  13:35  Siege Tank  
  151  13:37  Ghost x2  
  158  13:46  Planetary Fortress  
  158  13:57  Siege Tank  
  158  13:58  SCV  
  158  14:02  Refinery  
  162  14:05  Siege Tank  
  165  14:10  Siege Tank  
  168  14:17  Ghost  
  168  14:19  Marine x2  
  171  14:32  Missile Turret  
  171  14:33  Missile Turret  
  171  14:39  Marauder, Marine x2  
  171  14:40  Siege Tank  
  171  14:44  Marauder, Marine x2  
  171  14:45  Marine  
  180  14:47  SCV  
  180  14:48  Siege Tank  
  180  14:50  Marine x2  
  184  14:57  SCV  
  184  14:58  Marine x2  
  183  15:00  Sensor Tower  
  183  15:04  SCV  
  183  15:06  Missile Turret  
  184  15:11  Siege Tank  
  187  15:16  Orbital Command  
  187  15:24  Siege Tank  
  154  15:45  Siege Tank, Marine x3  
  154  15:48  Marine x2  
  162  15:53  Marine  
  156  15:59  Planetary Fortress  
  156  16:01  SCV  
  156  16:03  SCV  
  151  16:10  Marine  
  150  16:22  SCV x3  
  150  16:23  SCV  
  152  16:35  Marine x2  
  156  16:43  SCV  
  156  16:45  SCV  
  158  16:49  Marauder x2  
  159  16:54  Marauder  
  159  16:59  Marauder  
  163  17:01  Marine x2  
  163  17:06  Marine  
  162  17:10  Siege Tank  
  162  17:15  SCV  
  156  17:18  Marine x2  
  155  17:24  Marine  
  152  17:35  SCV  
  155  17:37  SCV x2  
  155  17:39  SCV  
  155  17:40  SCV  
  155  17:41  SCV  
  153  17:47  Marine x2, SCV  
  153  17:48  Marauder  
  153  17:50  Marine x2  
  156  18:02  Marine x2  
  156  18:03  Marauder  
  161  18:08  Marine  
  164  18:18  SCV  
  163  18:23  Orbital Command, SCV  
  160  18:34  Marauder x2, Marine x3  
  132  18:37  Marine x2  
  132  18:38  Marauder  
  140  18:42  Siege Tank  
  143  18:49  Marine x2  
  143  18:51  Marine x2  
  147  18:58  Marine  
  147  18:59  Marauder  
  144  19:14  Marauder x2, Marine x3  
  151  19:23  Marine  
  151  19:24  Marine  
Show
View Real Time Build Order
Export as new Build Order

ShoWTimE Protoss - Winner!

Build Orders: 1 Gate Expand, Phoenix Opening, Blink Stalkers 

Get SALT Encoding   

  12  0:00  Probe  
  13  0:12  Probe  
  14  0:17  Pylon  
  14  0:24  Probe  
  15  0:32  Probe  
  15  0:36  Gateway  
  15  0:40  Probe  
  16  0:45  Assimilator  
  17  0:51  Probe  
  18  1:03  Probe  
  19  1:15  Probe  
  20  1:23  Cybernetics Core  
  20  1:34  Nexus  
  20  1:38  Probe  
  21  1:43  Pylon  
  21  1:50  Probe  
  21  1:51  Assimilator, Adept  
  24  2:02  Probe  
  24  2:05  Warp Gate  
  25  2:11  Probe  
  26  2:19  Probe  
  26  2:21  Sentry  
  28  2:28  Probe  
  30  2:38  Twilight Council  
  30  2:40  Probe  
  30  2:44  Probe  
  31  2:47  Stalker  
  34  2:52  Probe x2  
  34  2:54  Phoenix  
  34  2:58  Blink  
  36  3:01  Probe  
  36  3:04  Probe  
  38  3:06  Gateway  
  38  3:09  Probe  
  38  3:12  Assimilator  
  38  3:17  Probe x2  
  41  3:28  Probe  
  41  3:29  Probe  
  43  3:37  Robotics Facility  
  43  3:40  Probe, Pylon  
  43  3:41  Probe  
  45  3:52  Probe  
  45  3:53  Probe  
  46  4:03  Stalker x2  
  46  4:04  Probe  
  46  4:05  Probe  
  52  4:12  Pylon  
  52  4:14  Nexus  
  52  4:19  Probe x2, Pylon  
  54  4:31  Observer, Stalker  
  55  4:32  Stalker  
  55  4:33  Probe x2  
  61  4:45  Probe x2  
  63  4:49  Observer  
  63  4:52  Observer  
  61  4:56  Stalker x2  
  61  4:57  Probe  
  66  5:01  Probe  
  67  5:08  Charge  
  67  5:09  Forge  
  67  5:12  Forge  
  67  5:15  Probe  
  67  5:19  Pylon  
  68  5:22  Observer  
  68  5:27  Probe x3  
  72  5:37  Gateway  
  72  5:39  Probe x2, Gateway  
  72  5:42  Gateway  
  74  5:44  Probe  
  74  5:47  Gateway  
  74  5:49  Probe x2  
  75  5:53  Protoss Ground Weapons Level 1  
  75  5:56  Probe  
  73  5:59  Protoss Ground Armor Level 1  
  73  6:00  Robotics Bay  
  73  6:01  Probe  
  73  6:02  Assimilator  
  74  6:04  Probe  
  74  6:05  Probe  
  74  6:08  Assimilator  
  74  6:09  Robotics Facility  
  74  6:11  Probe  
  77  6:12  Observer  
  77  6:13  Assimilator  
  77  6:16  Probe x2  
  81  6:23  Probe  
  81  6:24  Pylon  
  82  6:26  Immortal  
  82  6:28  Probe x2  
  84  6:35  Probe  
  84  6:36  Pylon  
  89  6:40  Probe  
  89  6:43  Extended Thermal Lance  
  89  6:44  Probe  
  91  6:53  Colossus  
  91  6:54  Pylon  
  91  7:01  Nexus  
  91  7:03  Observer  
  91  7:04  Colossus  
  103  7:14  Probe x3  
  106  7:17  Sentry x2, Pylon  
  106  7:19  Observer  
  106  7:20  Zealot x3  
  116  7:23  Pylon  
  116  7:26  Probe  
  117  7:35  Zealot, Protoss Ground Weapons Level 2, Probe x2  
  121  7:46  Colossus  
  127  7:51  Zealot x3  
  127  7:53  Pylon  
  127  7:54  Pylon  
  127  7:55  Protoss Ground Armor Level 2  
  133  8:09  Pylon  
  133  8:11  Probe, Colossus  
  140  8:15  Gateway  
  140  8:17  Stalker x4, Gateway  
  148  8:23  Probe x3  
  148  8:25  Assimilator, Probe  
  152  8:27  Assimilator  
  152  8:35  Probe x2  
  152  8:37  Warp Prism  
  152  8:39  Dark Shrine  
  152  8:40  Zealot  
  156  8:42  Templar Archives  
  158  8:48  Zealot x4  
  158  8:53  Zealot  
  168  9:08  Zealot  
  168  9:09  Zealot x3  
  172  9:14  Observer, Pylon  
  172  9:15  Stargate  
  170  9:19  Zealot  
  170  9:23  Pylon  
  172  9:24  Pylon  
  172  9:25  Immortal  
  172  9:27  Immortal  
  174  9:41  High Templar x6  
  174  9:42  Zealot  
  174  9:43  Zealot  
  190  9:46  Observer  
  190  9:47  Archon x2  
  190  9:48  Archon  
  190  9:49  Gateway  
  190  9:51  Gateway  
  190  9:55  Gateway  
  190  9:57  Protoss Ground Weapons Level 3, Gateway  
  190  9:58  Nexus  
  190  9:59  Pylon  
  190  10:03  Pylon  
  190  10:04  Zealot x2  
  180  10:25  Zealot x8, Protoss Ground Armor Level 3  
  146  10:28  Colossus x2  
  146  10:30  Observer, Probe  
  125  10:46  Zealot x5  
  125  10:47  Sentry x2  
  139  10:50  Sentry  
  141  10:57  Zealot x4  
  149  11:06  Colossus  
  149  11:13  Colossus  
  153  11:25  Probe  
  153  11:26  Probe x2  
  153  11:28  Dark Templar  
  153  11:30  Dark Templar  
  160  11:33  High Templar x5  
  160  11:34  Zealot x2  
  160  11:35  Zealot  
  160  11:39  Assimilator, High Templar  
  178  11:40  Archon x2  
  178  11:42  Assimilator  
  178  11:43  Archon  
  178  11:49  Photon Cannon  
  178  11:50  Zealot  
  178  11:51  Photon Cannon  
  178  11:57  Dark Templar x3  
  184  12:04  Observer  
  184  12:05  Zealot x7  
  197  12:16  Zealot x2  
  199  12:29  Zealot  
  199  12:34  Zealot x2  
  199  12:35  Protoss Shields Level 1  
  199  12:37  Shadow Stride, Zealot x6  
  189  12:41  Zealot x3  
  187  12:57  Psionic Storm  
  187  12:58  Dark Templar x5  
  191  12:59  Dark Templar  
  191  13:00  Nexus  
  191  13:02  Archon x2, Pylon  
  191  13:03  Archon  
  197  13:07  Archon  
  197  13:14  Pylon  
  197  13:19  High Templar  
  197  13:23  Immortal  
  197  13:26  Zealot x5  
  183  13:31  Zealot x6  
  181  13:37  Immortal  
  181  13:38  Gravitic Boosters  
  185  13:47  High Templar x2  
  189  13:50  Photon Cannon, Shield Battery  
  189  13:51  High Templar  
  189  13:52  Pylon  
  191  13:57  Probe  
  191  14:01  Stalker x3  
  191  14:02  Stalker  
  200  14:07  Zealot  
  200  14:12  Photon Cannon  
  198  14:45  Dark Templar  
  200  14:50  Dark Templar  
  200  14:52  Zealot  
  200  14:56  Warp Prism  
  194  15:01  Dark Templar x5  
  194  15:03  Protoss Shields Level 2  
  200  15:08  Gateway  
  200  15:10  Gateway  
  200  15:13  Gateway  
  200  15:15  Assimilator, Gateway  
  200  15:18  Assimilator  
  200  15:23  Photon Cannon  
  200  15:25  Photon Cannon  
  200  15:28  Photon Cannon  
  198  15:30  Shield Battery  
  198  15:38  Zealot x2  
  178  15:45  Warp Prism  
  179  15:55  Zealot x10  
  195  16:13  Protoss Air Weapons Level 1  
  195  16:15  Fleet Beacon  
  195  16:18  Stargate  
  193  16:22  Stargate  
  193  16:29  High Templar x3  
  193  16:32  Photon Cannon  
  199  16:33  Photon Cannon  
  199  16:35  Photon Cannon, Nexus  
  199  16:36  Pylon  
  199  16:39  High Templar  
  195  16:46  Photon Cannon  
  195  16:48  Photon Cannon  
  195  16:51  Pylon  
  195  16:53  Assimilator  
  195  16:54  Dark Templar x2  
  199  16:55  Assimilator  
  187  17:09  Zealot x8  
  185  17:18  Zealot x6  
  191  17:30  Zealot x2  
  191  17:31  Zealot x2  
  197  17:50  Gateway  
  195  17:51  Gateway  
  185  18:01  Dark Templar x7  
  199  18:12  Dark Templar  
  199  18:19  Dark Templar x2  
  199  18:24  Zealot  
  195  18:32  Immortal  
  195  18:33  Immortal  
  157  18:34  Zealot x12  
  179  18:49  High Templar x4  
  179  18:53  Archon  
  179  18:54  Stalker x4, Archon, Phoenix  
  179  18:55  Stalker  
  200  19:31  Nexus  
  195  19:43  Dark Templar x4  
  200  19:47  Dark Templar  
Tags
 
Add a new tag
Caveats
  • Supply blocks, unpowered buildings, or Contaminate may cause inaccurate times.
  • Supply counts are checked every 10 seconds.